 Dungeon Crawl Stone Soup version 0.28-a0-514-g0d7ab7f379 (webtiles) character file.

Game seed: 10375059798099143114

1619 Leszczynek the Fighter (level 9, 25/77 HPs)
             Began as a Human Gladiator on Sept 22, 2021.
             Was a Follower of Cheibriados.
             Quit the game on level 8 of the Dungeon.
             The game lasted 00:29:12 (4035 turns).

Leszczynek the Fighter (Human Gladiator)            Turns: 4035, Time: 00:29:12

Health: 25/77      AC:  9    Str: 18    XL:     9   Next: 17%
Magic:  9/12       EV: 14    Int: 19    God:    Cheibriados [*.....]
Gold:   205        SH:  0    Dex: 22    Spells: 8/8 levels left

rFire   . . .      SeeInvis .   a - +0 quarterstaff
rCold   . . .      Faith    .   (shield currently unavailable)
rNeg    . . .      Spirit   .   w - +0 ring mail
rPois   .          Reflect  .   c - +0 helmet
rElec   .          Harm     .   g - +0 cloak
rCorr   .          Rampage  .   A - +0 pair of gloves
Will    .....                   D - +0 pair of boots
Stlth   +.........              (no amulet)
HPRegen 0.22/turn               i - +6 ring of intelligence
MPRegen 0.13/turn               E - +6 ring of dexterity

@: brilliant, on berserk cooldown, slowed, very slow
A: no striking features
a: Renounce Religion, Bend Time


You were on level 8 of the Dungeon.
You worshipped Cheibriados.
Cheibriados was aware of your devotion.
You visited 2 branches of the dungeon, and saw 9 of its levels.

You collected 272 gold pieces.
You spent 67 gold pieces at shops.

Inventory:

Hand Weapons
 a - a +0 quarterstaff (weapon)
 b - a +0 shortbow
 p - a +0 glaive
Missiles
 d - 5 throwing nets
 j - 9 poisoned darts (quivered)
 k - 8 boomerangs
 n - 118 bolts
 t - 18 sling bullets
 v - 38 arrows
 H - a curare-tipped dart
Armour
 c - a +0 helmet (worn)
 g - a +0 cloak (worn)
 w - a +0 ring mail (worn)
 z - a +0 buckler
 A - a +0 pair of gloves (worn)
 D - a +0 pair of boots (worn)
Magical Staves
 m - a staff of earth
Jewellery
 i - a +6 ring of intelligence (left hand)
 E - a +6 ring of dexterity (right hand)
 F - a ring of wizardry
Wands
 q - a wand of charming (7)
Scrolls
 e - a scroll of magic mapping
 l - a scroll of teleportation
 x - a scroll of holy word {unknown}
 y - a scroll of torment {unknown}
 C - a scroll of fog {unknown}
 I - a scroll of enchant weapon {unknown}
Potions
 f - 2 potions of curing {@q1}
 h - a potion of degeneration {unknown}
 o - a potion of berserk rage {!q}
 r - a potion of brilliance
 s - a potion of lignification {unknown}
 u - a potion of mutation {unknown}
 B - 2 potions of heal wounds {@q2}
 G - a potion of resistance {unknown}


   Skills:
 * Level 9.4 Fighting
 - Level 3.0 Staves
 - Level 2.0 Throwing
 - Level 5.0 Dodging
 + Level 4.6 Invocations


You had 8 spell levels left.
You didn't know any spells.
Your spell library contained the following spells:

 Spells                   Type           Power      Damage    Failure   Level
 Dazzling Flash           Conj/Hex       0%         N/A       73%         3
 Iskenderun's Mystic Bla  Conj/Tloc      0%         2d3       98%         4
 Starburst                Conj/Fire      0%         6d3       100%        6


Dungeon Overview and Level Annotations

Branches:
Dungeon (8/15)             Temple (1/1) D:4
   Lair: D:8-11

Altars:
Cheibriados
Dithmenos
Gozag
Hepliaklqana
Kikubaaqudgha
Makhleb
Okawaru
Qazlal
Ru
Uskayaw
Vehumet
Xom
The Shining One
Beogh

Shops:
D:7 [[

Annotations:
D:5 3 runed translucent doors, Gruesome's ghost, novice OpMo
D:8 Erica; Maurice


Message History

Enter note: i have nothing Search for what [? for help]? weapon ego Can't find anything matching that.
Search for what [Enter for "weapon ego", or ? for help]? ego Unknown command.
Enter note:
Found a chain mail and a scroll labelled BIHUIZ QOKIMN.
I - a scroll labelled BIHUIZ QOKIMN HP restored.
Maurice the Thief comes into view.
He is wielding a +0 short sword and carrying a wand of mindburst (10).
Unknown command.
Erica shouts!
It was a potion of berserk rage.
A red film seems to cover your vision as you go berserk!
Cheibriados protects you from inadvertent hurry.
You feel mighty!
You feel a strong urge to attack something.
Erica casts a spell at you.
You are confused.
You bump into the rock wall.
You feel your anger nearly subside. Erica closely misses you.
You bump into the rock wall.
You are no longer berserk.
You are exhausted.
You feel yourself slow down.
Erica mumbles some strange words.
Erica flickers and vanishes!
Deactivating autopickup; reactivate with Ctrl-A.
You bump into the rock wall.
Something hits you! Something burns you. Something hits you.
Something burns you.
Okay, then.
It was a potion of brilliance.
You feel clever all of a sudden.
You feel less confused. Something hits you! Something burns you.
Okay, then.
The flow of time bends around you.
Something easily resists.
Something hits you! Something burns you. Something hits you.
Something burns you.
Are you sure you want to abandon this character and quit the game? (Confirm with "yes".)

####
###############...
#@..............##
#{###############
#.# #####.#
#.....# #...[.#
#.....# #.....#
#.....#


There were no monsters in sight!

Vanquished Creatures
  A sky beast (D:8)
  A necrophage (D:6)
  5 ogres
  A centaur (D:5)
  2 kobold brigands
  3 scorpions
  3 wights (D:6)
  A centaur zombie (D:6)
  3 orc priests
  A centaur skeleton (D:7)
  A jelly (D:4)
  A bullfrog skeleton (D:5)
  A hound (D:6)
  2 iguanas
  Jessica (D:2)
  An orc wizard (D:6)
  A killer bee zombie (D:7)
  Robin (D:3)
  A howler monkey zombie (D:7)
  4 adders
  An ufetubus (D:5)
  An adder skeleton (D:2)
  An adder zombie (D:5)
  A dart slug (D:3)
  7 orcs
  5 ball pythons
  3 bats
  An endoplasm (D:2)
  3 giant cockroaches
  10 goblins (D:3)
  4 hobgoblins
  5 jackals (D:2)
  11 kobolds
  3 quokkas
  4 frilled lizards
  6 rats
101 creatures vanquished.

Vanquished Creatures (others)
  43 plants
43 creatures vanquished.

Grand Total: 144 creatures vanquished

Notes
Turn   | Place    | Note
-------+----------+-------------------------------------------
     0 | D:1      | Leszczynek the Human Gladiator began the quest for the Orb.
     0 | D:1      | Reached XP level 1. HP: 16/16 MP: 1/1
    53 | D:2      | Noticed Jessica
   138 | D:2      | Reached XP level 2. HP: 23/23 MP: 2/2
   218 | D:2      | Reached skill level 3 in Fighting
   249 | D:2      | Killed Jessica
   250 | D:2      | Reached XP level 3. HP: 6/30 MP: 3/3
   398 | D:2      | Reached skill level 4 in Fighting
   398 | D:2      | Reached XP level 4. HP: 24/37 MP: 4/4
   535 | D:3      | Noticed an ogre
   657 | D:3      | Found a glowing golden altar of the Shining One.
   661 | D:3      | Noticed Robin
   833 | D:3      | Killed Robin
   835 | D:3      | HP: 7/38 [goblin[Robin] (3)]
   977 | D:3      | HP: 6/38 [ogre (5)]
   990 | D:3      | HP: 1/38 [ogre (7)]
   996 | D:3      | Killed an ogre
   997 | D:3      | Reached skill level 5 in Fighting
   997 | D:3      | Reached XP level 5. HP: 2/44 MP: 5/5
  1313 | D:3      | HP: 8/45 [orc priest (6)]
  1315 | D:3      | Reached XP level 6. HP: 7/52 MP: 6/6
  1531 | D:4      | Reached skill level 6 in Fighting
  1552 | D:4      | Noticed an ogre
  1574 | D:4      | Killed an ogre
  1614 | D:4      | Noticed a necrophage
  1707 | D:4      | Reached skill level 7 in Fighting
  1707 | D:4      | Reached XP level 7. HP: 51/60 MP: 7/7
  1870 | D:5      | Entered Level 5 of the Dungeon
  1995 | D:5      | Found a runed translucent gate.
  1996 | D:5      | Found a runed translucent gate.
  1996 | D:5      | Identified the +0 chain mail of Old and Reckless {rF-
                  | Regen+ rCorr Int+4}
  1997 | D:5      | Found a runed translucent gate.
  1998 | D:5      | Noticed Gruesome's ghost (novice OpMo)
  2083 | D:4      | Reached skill level 8 in Fighting
  2107 | D:4      | Found a staircase to the Ecumenical Temple.
  2115 | D:4      | wow, almost missed it
  2117 | Temple   | Entered the Ecumenical Temple
  2148 | Temple   | Became a worshipper of Cheibriados the Contemplative
  2182 | D:4      | Found a stormy altar of Qazlal.
  2338 | D:5      | Reached XP level 8. HP: 54/68 MP: 8/8
  2513 | D:5      | Reached skill level 4 in Dodging
  2690 | D:6      | look at all those potions of haste
  2690 | D:6      | kek
  2909 | D:6      | Reached skill level 1 in Invocations
  2941 | D:6      | Reached skill level 5 in Dodging
  2941 | D:6      | Reached skill level 2 in Invocations
  2990 | D:6      | Reached skill level 3 in Invocations
  3363 | D:6      | Reached skill level 9 in Fighting
  3363 | D:6      | Reached XP level 9. HP: 53/76 MP: 11/11
  3506 | D:7      | Found Aloe's Antique Armour Shop.
  3536 | D:7      | Found Qownigh's Armour Shop.
  3539 | D:7      | Bought a +0 pair of boots for 67 gold pieces
  3619 | D:7      | Reached skill level 4 in Invocations
  3650 | D:7      | Reached * piety under Cheibriados
  3757 | D:8      | Noticed Erica
  3758 | D:8      | gg no re
  3890 | D:8      | i have nothing
  3978 | D:8      | Noticed Maurice
  4035 | D:8      | Quit the game

Illustrated notes

.......# .......# .. .......#
#.#.......... .......#
#...........+##
.<.....####.#.#.#.#.#....
)###....................#
.'..........#.......#...#######
.##............................
###.........#...>...#..........
###.............@..............
............#.......#........
...#...............[......#
............#.#.#.#.#.....#
....#####.................# ....#
#.....#....#......#######
....#####.....#....#.............
..............#....##............
..............#....##.>..........


Turn 2115 on D:4: wow, almost missed it ####.#######.. #.........####
#.##.####.# #.##.# #.##.# #.##.. #.##.. ####.##.!# #..@.....# ................
.####.########## ... ... ##.. .. ### Turn 2690 on D:6: look at all those potions
of haste .Z.. ..@.. ..#. ...### #. #.... # #. ...## ..# #. #..##....# #.#
##.@......# ..##..###....# #.#..## .## #.#.## #...# .. ##..# ..# ##..###..#
#.......# ####.#..#### Turn 3758 on D:8: gg no re ############# ##.....#.....##
##.............## #..)))..........# #[...)..........# ###..))...........#
.............@......# ..###.............).# ##.............## ##.....#.....##
.....########## ...#### ..# .. Turn 3890 on D:8: i have nothing

Levels and vault maps discovered:
D:1:      evilmike_arrival_rings, layout_basic
D:2:      layout_basic, lemuel_old_faithful, uniq_jessica
D:3:      layout_loops_ring, amcnicky_altar_gilded, uniq_robin
D:4:      layout_basic, mainiacjoe_overflow_cross_hatched,
          minmay_temple_entry_glass, chequers_decorated_corner
D:5:      layout_loops_ring, biasface_ghost_orc_armoury, grunt_decor_arrowhead
D:6:      layout_loops_ring, lexackson_kobold_supper
D:7:      layout_loops_ring, serial_shops,
          nicolae_shop_temple_entry_statues_fountains,
          nicolae_shop_behind_doors, serial_bayou_pond_d
D:8:      layout_rooms, kennysheep_mini_moat, david_lair_shrubbed, uniq_erica,
          uniq_maurice
Temple:   regret_index_temple_mists

Skill      XL: |  1  2  3  4  5  6  7  8  9 |
---------------+----------------------------+-----
Fighting       | 3 4 5 7 8 9 |  9.4
Dodging        | 5 |  5.0
Invocations    | 3 4 |  4.6
Staves         | |  3.0
Throwing       | |  2.0

Action                   |  1- 3 |  4- 6 |  7- 9 || total
-------------------------+-------+-------+-------++-------
Melee: Quarterstaff      |    49 |    85 |   236 ||   370
Throw: Dart              |       |    30 |    25 ||    55
       Throwing net      |       |     4 |       ||     4
       Boomerang         |       |     6 |     2 ||     8
Invok: Bend Time         |       |       |     4 ||     4
  Use: Scroll            |       |     4 |     4 ||     8
       Potion            |       |     1 |     3 ||     4
 Stab: Sleeping          |     1 |       |       ||     1
       Held in net/web   |       |     1 |       ||     1
Armor: Leather armour    |    17 |    22 |    14 ||    53
       Ring mail         |       |       |   102 ||   102
Dodge: Dodged            |    34 |    58 |   195 ||   287

Table legend: (Time is in decaauts)
 A = Elapsed time spent in this place.
 B = Non-inter-level travel time spent in this place.
 C = Inter-level travel time spent in this place.
 D = Time resting spent in this place.
 E = Time spent auto-exploring this place.
 F = Levels seen in this place.
 G = Mean time per level.
                   A        B        C        D        E       F      G
               +--------+--------+--------+--------+--------+-----+--------+
         Total |   4689 |   4269 |    420 |      0 |      0 |   9 |  521.0 |
       Dungeon |   4618 |   4222 |    396 |      0 |      0 |   8 |  577.2 |
        Temple |     70 |     46 |     24 |      0 |      0 |   1 |   70.0 |
               +--------+--------+--------+--------+--------+-----+--------+

Top non-repeatable levels by time:
     D:3: 1038 daAuts
     D:6: 982 daAuts
     D:5: 651 daAuts
     D:4: 535 daAuts
     D:7: 506 daAuts
     D:8: 406 daAuts
     D:2: 385 daAuts
     D:1: 112 daAuts
  Temple: 70 daAuts
